%YAML 1.1
%TAG !u! tag:unity3d.com,2011:
--- !u!1 &4417445477246970442
GameObject:
  m_ObjectHideFlags: 0
  m_CorrespondingSourceObject: {fileID: 0}
  m_PrefabInstance: {fileID: 0}
  m_PrefabAsset: {fileID: 0}
  serializedVersion: 6
  m_Component:
  - component: {fileID: 4417445477246970449}
  - component: {fileID: 4417445477246970454}
  - component: {fileID: 4417445477246970455}
  - component: {fileID: 3907635277014182692}
  - component: {fileID: 4417445477246970453}
  - component: {fileID: 1230199897403082013}
  - component: {fileID: 3907635277734148919}
  m_Layer: 10
  m_Name: Cube_t
  m_TagString: Untagged
  m_Icon: {fileID: 0}
  m_NavMeshLayer: 0
  m_StaticEditorFlags: 0
  m_IsActive: 1
--- !u!4 &4417445477246970449
Transform:
  m_ObjectHideFlags: 0
  m_CorrespondingSourceObject: {fileID: 0}
  m_PrefabInstance: {fileID: 0}
  m_PrefabAsset: {fileID: 0}
  m_GameObject: {fileID: 4417445477246970442}
  m_LocalRotation: {x: -0, y: -0, z: -0, w: 1}
  m_LocalPosition: {x: 0, y: 0, z: 0}
  m_LocalScale: {x: 1.777243, y: 0.7096504, z: 1.7772434}
  m_Children: []
  m_Father: {fileID: 4417445477647474995}
  m_RootOrder: 0
  m_LocalEulerAnglesHint: {x: 0, y: 0, z: 0}
--- !u!33 &4417445477246970454
MeshFilter:
  m_ObjectHideFlags: 0
  m_CorrespondingSourceObject: {fileID: 0}
  m_PrefabInstance: {fileID: 0}
  m_PrefabAsset: {fileID: 0}
  m_GameObject: {fileID: 4417445477246970442}
  m_Mesh: {fileID: 10202, guid: 0000000000000000e000000000000000, type: 0}
--- !u!23 &4417445477246970455
MeshRenderer:
  m_ObjectHideFlags: 0
  m_CorrespondingSourceObject: {fileID: 0}
  m_PrefabInstance: {fileID: 0}
  m_PrefabAsset: {fileID: 0}
  m_GameObject: {fileID: 4417445477246970442}
  m_Enabled: 0
  m_CastShadows: 1
  m_ReceiveShadows: 1
  m_DynamicOccludee: 1
  m_MotionVectors: 1
  m_LightProbeUsage: 1
  m_ReflectionProbeUsage: 1
  m_RenderingLayerMask: 1
  m_RendererPriority: 0
  m_Materials:
  - {fileID: 2100000, guid: ec6b596f282ea614b8943118376904fa, type: 2}
  m_StaticBatchInfo:
    firstSubMesh: 0
    subMeshCount: 0
  m_StaticBatchRoot: {fileID: 0}
  m_ProbeAnchor: {fileID: 0}
  m_LightProbeVolumeOverride: {fileID: 0}
  m_ScaleInLightmap: 1
  m_PreserveUVs: 0
  m_IgnoreNormalsForChartDetection: 0
  m_ImportantGI: 0
  m_StitchLightmapSeams: 0
  m_SelectedEditorRenderState: 3
  m_MinimumChartSize: 4
  m_AutoUVMaxDistance: 0.5
  m_AutoUVMaxAngle: 89
  m_LightmapParameters: {fileID: 0}
  m_SortingLayerID: 0
  m_SortingLayer: 0
  m_SortingOrder: 0
--- !u!65 &3907635277014182692
BoxCollider:
  m_ObjectHideFlags: 0
  m_CorrespondingSourceObject: {fileID: 0}
  m_PrefabInstance: {fileID: 0}
  m_PrefabAsset: {fileID: 0}
  m_GameObject: {fileID: 4417445477246970442}
  m_Material: {fileID: 0}
  m_IsTrigger: 0
  m_Enabled: 1
  serializedVersion: 2
  m_Size: {x: 1, y: 1, z: 1}
  m_Center: {x: 0, y: 0, z: 0}
--- !u!114 &4417445477246970453
MonoBehaviour:
  m_ObjectHideFlags: 0
  m_CorrespondingSourceObject: {fileID: 0}
  m_PrefabInstance: {fileID: 0}
  m_PrefabAsset: {fileID: 0}
  m_GameObject: {fileID: 4417445477246970442}
  m_Enabled: 1
  m_EditorHideFlags: 0
  m_Script: {fileID: 11500000, guid: 9301f2c3a1ef9d44fa950121cede5fde, type: 3}
  m_Name: 
  m_EditorClassIdentifier: 
  onlyT: 0
  stayT: 0
  stayC: 0
  stayAllC: 0
  usarTags: 1
  tagg: 
  tagg2: 
  destruirOtro: 0
  destruirOtroColecc: 0
  puntoObjetos: {fileID: 0}
--- !u!65 &1230199897403082013
BoxCollider:
  m_ObjectHideFlags: 0
  m_CorrespondingSourceObject: {fileID: 0}
  m_PrefabInstance: {fileID: 0}
  m_PrefabAsset: {fileID: 0}
  m_GameObject: {fileID: 4417445477246970442}
  m_Material: {fileID: 0}
  m_IsTrigger: 1
  m_Enabled: 1
  serializedVersion: 2
  m_Size: {x: 1, y: 1.5, z: 1}
  m_Center: {x: 0, y: 0, z: 0}
--- !u!54 &3907635277734148919
Rigidbody:
  m_ObjectHideFlags: 0
  m_CorrespondingSourceObject: {fileID: 0}
  m_PrefabInstance: {fileID: 0}
  m_PrefabAsset: {fileID: 0}
  m_GameObject: {fileID: 4417445477246970442}
  serializedVersion: 2
  m_Mass: 1
  m_Drag: 0
  m_AngularDrag: 0
  m_UseGravity: 0
  m_IsKinematic: 1
  m_Interpolate: 0
  m_Constraints: 0
  m_CollisionDetection: 0
--- !u!1 &4417445477647474993
GameObject:
  m_ObjectHideFlags: 0
  m_CorrespondingSourceObject: {fileID: 0}
  m_PrefabInstance: {fileID: 0}
  m_PrefabAsset: {fileID: 0}
  serializedVersion: 6
  m_Component:
  - component: {fileID: 4417445477647474995}
  - component: {fileID: 4417445477647474992}
  m_Layer: 10
  m_Name: Cube Destruye
  m_TagString: Untagged
  m_Icon: {fileID: 0}
  m_NavMeshLayer: 0
  m_StaticEditorFlags: 0
  m_IsActive: 1
--- !u!4 &4417445477647474995
Transform:
  m_ObjectHideFlags: 0
  m_CorrespondingSourceObject: {fileID: 0}
  m_PrefabInstance: {fileID: 0}
  m_PrefabAsset: {fileID: 0}
  m_GameObject: {fileID: 4417445477647474993}
  m_LocalRotation: {x: 0, y: 0, z: 0, w: 1}
  m_LocalPosition: {x: 108.155, y: -1.9299998, z: 0}
  m_LocalScale: {x: 1.5, y: 1.7375, z: 1}
  m_Children:
  - {fileID: 4417445477246970449}
  - {fileID: 3903431296087864141}
  m_Father: {fileID: 0}
  m_RootOrder: 0
  m_LocalEulerAnglesHint: {x: 0, y: 0, z: 0}
--- !u!114 &4417445477647474992
MonoBehaviour:
  m_ObjectHideFlags: 0
  m_CorrespondingSourceObject: {fileID: 0}
  m_PrefabInstance: {fileID: 0}
  m_PrefabAsset: {fileID: 0}
  m_GameObject: {fileID: 4417445477647474993}
  m_Enabled: 1
  m_EditorHideFlags: 0
  m_Script: {fileID: 11500000, guid: 56fa570327cf6364c926294a95020110, type: 3}
  m_Name: 
  m_EditorClassIdentifier: 
  tiempoEspera: 1
  cube: {fileID: 3907193314678702923}
  trigger: {fileID: 4417445477246970453}
--- !u!1001 &3907635277586907457
PrefabInstance:
  m_ObjectHideFlags: 0
  serializedVersion: 2
  m_Modification:
    m_TransformParent: {fileID: 4417445477647474995}
    m_Modifications:
    - target: {fileID: 1009397013594634, guid: deb88dfc63631e8409cde9d47f8e1b95, type: 3}
      propertyPath: m_Name
      value: WallHuge02
      objectReference: {fileID: 0}
    - target: {fileID: 1009397013594634, guid: deb88dfc63631e8409cde9d47f8e1b95, type: 3}
      propertyPath: m_StaticEditorFlags
      value: 0
      objectReference: {fileID: 0}
    - target: {fileID: 4912076655948300, guid: deb88dfc63631e8409cde9d47f8e1b95, type: 3}
      propertyPath: m_LocalPosition.x
      value: 0.87000024
      objectReference: {fileID: 0}
    - target: {fileID: 4912076655948300, guid: deb88dfc63631e8409cde9d47f8e1b95, type: 3}
      propertyPath: m_LocalPosition.y
      value: -3.8964026
      objectReference: {fileID: 0}
    - target: {fileID: 4912076655948300, guid: deb88dfc63631e8409cde9d47f8e1b95, type: 3}
      propertyPath: m_LocalPosition.z
      value: 0
      objectReference: {fileID: 0}
    - target: {fileID: 4912076655948300, guid: deb88dfc63631e8409cde9d47f8e1b95, type: 3}
      propertyPath: m_LocalRotation.x
      value: -0
      objectReference: {fileID: 0}
    - target: {fileID: 4912076655948300, guid: deb88dfc63631e8409cde9d47f8e1b95, type: 3}
      propertyPath: m_LocalRotation.y
      value: -0
      objectReference: {fileID: 0}
    - target: {fileID: 4912076655948300, guid: deb88dfc63631e8409cde9d47f8e1b95, type: 3}
      propertyPath: m_LocalRotation.z
      value: -0
      objectReference: {fileID: 0}
    - target: {fileID: 4912076655948300, guid: deb88dfc63631e8409cde9d47f8e1b95, type: 3}
      propertyPath: m_LocalRotation.w
      value: 1
      objectReference: {fileID: 0}
    - target: {fileID: 4912076655948300, guid: deb88dfc63631e8409cde9d47f8e1b95, type: 3}
      propertyPath: m_RootOrder
      value: 1
      objectReference: {fileID: 0}
    - target: {fileID: 4912076655948300, guid: deb88dfc63631e8409cde9d47f8e1b95, type: 3}
      propertyPath: m_LocalEulerAnglesHint.x
      value: 0
      objectReference: {fileID: 0}
    - target: {fileID: 4912076655948300, guid: deb88dfc63631e8409cde9d47f8e1b95, type: 3}
      propertyPath: m_LocalEulerAnglesHint.y
      value: 0
      objectReference: {fileID: 0}
    - target: {fileID: 4912076655948300, guid: deb88dfc63631e8409cde9d47f8e1b95, type: 3}
      propertyPath: m_LocalEulerAnglesHint.z
      value: 0
      objectReference: {fileID: 0}
    - target: {fileID: 4912076655948300, guid: deb88dfc63631e8409cde9d47f8e1b95, type: 3}
      propertyPath: m_LocalScale.x
      value: 0.14481544
      objectReference: {fileID: 0}
    - target: {fileID: 4912076655948300, guid: deb88dfc63631e8409cde9d47f8e1b95, type: 3}
      propertyPath: m_LocalScale.y
      value: 0.2615712
      objectReference: {fileID: 0}
    - target: {fileID: 4912076655948300, guid: deb88dfc63631e8409cde9d47f8e1b95, type: 3}
      propertyPath: m_LocalScale.z
      value: 0.36251596
      objectReference: {fileID: 0}
    - target: {fileID: 23886461731819908, guid: deb88dfc63631e8409cde9d47f8e1b95,
        type: 3}
      propertyPath: m_Materials.Array.data[0]
      value: 
      objectReference: {fileID: 2100000, guid: ec6b596f282ea614b8943118376904fa, type: 2}
    - target: {fileID: 23714350394223520, guid: deb88dfc63631e8409cde9d47f8e1b95,
        type: 3}
      propertyPath: m_Materials.Array.data[0]
      value: 
      objectReference: {fileID: 2100000, guid: ec6b596f282ea614b8943118376904fa, type: 2}
    - target: {fileID: 23402711434187464, guid: deb88dfc63631e8409cde9d47f8e1b95,
        type: 3}
      propertyPath: m_Materials.Array.data[0]
      value: 
      objectReference: {fileID: 2100000, guid: ec6b596f282ea614b8943118376904fa, type: 2}
    - target: {fileID: 1687056745325392, guid: deb88dfc63631e8409cde9d47f8e1b95, type: 3}
      propertyPath: m_StaticEditorFlags
      value: 0
      objectReference: {fileID: 0}
    - target: {fileID: 1409641651730626, guid: deb88dfc63631e8409cde9d47f8e1b95, type: 3}
      propertyPath: m_StaticEditorFlags
      value: 0
      objectReference: {fileID: 0}
    - target: {fileID: 1872606420900282, guid: deb88dfc63631e8409cde9d47f8e1b95, type: 3}
      propertyPath: m_StaticEditorFlags
      value: 0
      objectReference: {fileID: 0}
    - target: {fileID: 64060265458100328, guid: deb88dfc63631e8409cde9d47f8e1b95,
        type: 3}
      propertyPath: m_Convex
      value: 1
      objectReference: {fileID: 0}
    - target: {fileID: 205127519154056466, guid: deb88dfc63631e8409cde9d47f8e1b95,
        type: 3}
      propertyPath: m_LocalReferencePoint.x
      value: -5.996968
      objectReference: {fileID: 0}
    - target: {fileID: 205127519154056466, guid: deb88dfc63631e8409cde9d47f8e1b95,
        type: 3}
      propertyPath: m_LocalReferencePoint.y
      value: 8.147814
      objectReference: {fileID: 0}
    - target: {fileID: 205127519154056466, guid: deb88dfc63631e8409cde9d47f8e1b95,
        type: 3}
      propertyPath: m_Size
      value: 16.295628
      objectReference: {fileID: 0}
    - target: {fileID: 259806212434190040, guid: deb88dfc63631e8409cde9d47f8e1b95,
        type: 3}
      propertyPath: m_Enabled
      value: 0
      objectReference: {fileID: 0}
    - target: {fileID: 64360087133137384, guid: deb88dfc63631e8409cde9d47f8e1b95,
        type: 3}
      propertyPath: m_Convex
      value: 1
      objectReference: {fileID: 0}
    - target: {fileID: 64204246698300838, guid: deb88dfc63631e8409cde9d47f8e1b95,
        type: 3}
      propertyPath: m_Convex
      value: 1
      objectReference: {fileID: 0}
    m_RemovedComponents: []
  m_SourcePrefab: {fileID: 100100000, guid: deb88dfc63631e8409cde9d47f8e1b95, type: 3}
--- !u!1 &3907193314678702923 stripped
GameObject:
  m_CorrespondingSourceObject: {fileID: 1009397013594634, guid: deb88dfc63631e8409cde9d47f8e1b95,
    type: 3}
  m_PrefabInstance: {fileID: 3907635277586907457}
  m_PrefabAsset: {fileID: 0}
--- !u!4 &3903431296087864141 stripped
Transform:
  m_CorrespondingSourceObject: {fileID: 4912076655948300, guid: deb88dfc63631e8409cde9d47f8e1b95,
    type: 3}
  m_PrefabInstance: {fileID: 3907635277586907457}
  m_PrefabAsset: {fileID: 0}
